 Dungeon Crawl Stone Soup version 0.22-b1-21-g5cfc168 (webtiles) character file.

93 tyranidshit the Skirmisher (level 4, 0/39 HPs)
             Began as a Demonspawn Abyssal Knight on Aug 4, 2018.
             Was a Believer of Lugonu.
             Slain by a gnoll
             ... wielding a +0 spear
              (6 damage)
             ... on level 2 of the Dungeon.
             The game lasted 00:03:33 (1635 turns).

tyranidshit the Skirmisher (DsAK)                   Turns: 1635, Time: 00:03:34

Health: 0/39       AC:  9    Str: 15    XL:     4   Next: 37%
Magic:  5/5        EV: 10    Int: 13    God:    Lugonu [**....]
Gold:   75         SH:  0    Dex: 13    Spells: 3/3 levels left

rFire    . . .     SeeInvis .   a - +2 hand axe
rCold    . . .     Gourm    .   (no shield)
rNeg     + . .     Faith    .   h - +1 ring mail {rN+}
rPois    +         Spirit   .   (no helmet)
rElec    .         Reflect  .   (no cloak)
rCorr    .         Harm     .   j - +0 pair of gloves (curse)
MR       .....                  (no boots)
Stlth    +.........             (no amulet)
HPRegen  0.00/turn              (no ring)
MPRegen  0.09/turn              (no ring)

@: no status effects
A: slimy green scales 1, poison resistance, powered by pain 2, screaming 1,
inhibited regeneration, strong 1
a: Depart the Abyss, Bend Space, Renounce Religion


You were on level 2 of the Dungeon.
You worshipped Lugonu.
Lugonu was pleased with you.
You were not hungry.

You visited 1 branch of the dungeon, and saw 2 of its levels.
You visited the Abyss 1 time.

You collected 75 gold pieces.

Inventory:

Hand Weapons
 a - a +2 hand axe (weapon)
Armour
 b - a +0 leather armour
 h - a +1 ring mail of positive energy (worn)
 j - a cursed +0 pair of gloves (worn)
Scrolls
 d - 2 scrolls of remove curse
 e - 2 scrolls of amnesia
 g - a scroll of fog
Comestibles
 c - 5 rations


   Skills:
 + Level 5.2 Fighting
 - Level 1.7 Axes
 - Level 1.7 Armour
 - Level 0.8 Dodging
 - Level 2.4 Invocations


You had 3 spell levels left.
You didn't know any spells.
Your spell library was empty.

Dungeon Overview and Level Annotations

Branches:
Dungeon (2/15)

Altars:
Ashenzari
Trog
Xom


Innate Abilities, Weirdness & Mutations

You are partially covered in slimy green scales. (AC +2)
You sometimes gain power by taking damage.
Your system is resistant to poisons. (rPois)
You occasionally shout uncontrollably at your foes.
You do not regenerate when monsters are visible.
Your muscles are strong. (Str +2)


Message History

You slash the gnoll!
The gnoll is almost dead.
The gnoll hits you from afar with a spear.
The gnoll barely misses you.
You hit the gnoll.
You kill the gnoll!
Lugonu accepts your kill. The gnoll hits you but does no damage.
The gnoll barely misses you. The gnoll closely misses you.
The gnoll hits you with a spear.
* * * LOW HITPOINT WARNING * * *
You see here an enchanted flail.
You hit the gnoll.
The gnoll is heavily wounded.
The gnoll closely misses you. x2
You hit the gnoll.
The gnoll is severely wounded.
The gnoll hits you from afar with a halberd.
* * * LOW HITPOINT WARNING * * *
The gnoll hits you with a spear.
You die...

#..........#....
#....<........##
#...........#...
#.<.<...........
#....#..g.......
#....#..###.....
#....#..####....
#############.#.#..##...)..
#.(.......@ggg..........#.#
#.###########.#.#.####.....
#.# #####.#.#.......#.# #w#
#.....#.#.####..#.# #.#
#.###.#.#.# #..#.# #.#
##♣.........####..#.# #.#
##P..♣≈♣≈P...........# #.#
#...≈≈♣≈≈♣.♣.####..### #.#
♣..≈≈≈≈≈≈≈............


You could see 3 gnolls.

Vanquished Creatures
  Robin (D:2)
  A gnoll (D:2)
  An adder (D:2)
  A worm (D:2)
  A leopard gecko (D:1)
  3 giant cockroaches
  12 goblins
  12 hobgoblins
  A quokka (D:2)
  A ball python (D:1)
  6 bats (D:1)
  2 frilled lizards
  7 kobolds
  9 rats
58 creatures vanquished.

Notes
Turn   | Place    | Note
-------+----------+-------------------------------------------
     0 | Abyss:1  | tyranidshit the Demonspawn Abyssal Knight began the quest for the Orb.
     0 | Abyss:1  | Reached XP level 1. HP: 18/18 MP: 2/2
    75 | Abyss:1  | Noticed an anaconda zombie
    80 | D:1      | Escaped the Abyss
   109 | D:1      | Reached * piety under Lugonu
   246 | D:1      | Gained mutation: You sometimes gain a little power by taking damage. [demonic ancestry]
   246 | D:1      | Reached XP level 2. HP: 22/24 MP: 3/3
   249 | D:1      | Gained mutation: Your system is resistant to poisons. (rPois) [potion of mutation]
   249 | D:1      | Gained mutation: You occasionally shout uncontrollably at your foes. [potion of mutation]
   249 | D:1      | Gained mutation: You do not regenerate when monsters are visible. [potion of mutation]
   249 | D:1      | Gained mutation: Your muscles are strong. (Str +2) [potion of mutation]
   640 | D:1      | Found a shimmering altar of Xom.
   644 | D:1      | Reached skill level 4 in Fighting
   847 | D:2      | Gained mutation: You are partially covered in slimy green scales. (AC +2) [demonic ancestry]
   847 | D:2      | Reached XP level 3. HP: 26/30 MP: 4/4
  1168 | D:2      | Reached ** piety under Lugonu
  1183 | D:2      | Found a shattered altar of Ashenzari.
  1273 | D:2      | Noticed Robin
  1286 | D:2      | Killed Robin
  1309 | D:2      | Gained mutation: You sometimes gain power by taking damage. [demonic ancestry]
  1309 | D:2      | Reached XP level 4. HP: 16/38 MP: 5/5
  1318 | D:2      | Reached skill level 5 in Fighting
  1547 | D:2      | Found a bloodstained altar of Trog.
  1635 | D:2      | Slain by a gnoll

Skill      XL: |  1  2  3  4 |
---------------+-------------+-----
Fighting       | 4 5 |  5.2
Axes           | |  1.7
Armour         | |  1.7
Dodging        | |  0.8
Invocations    | |  2.4

Action                   |  1- 3 |  4- 6 || total
-------------------------+-------+-------++-------
Melee: Hand axe          |   120 |    35 ||   155
Invok: Depart the Abyss  |     1 |       ||     1
  Use: Scroll            |     5 |     1 ||     6
       Potion            |     5 |     1 ||     6
  Eat: Ration            |     1 |       ||     1
Armor: Leather armour    |    21 |       ||    21
       Ring mail         |    24 |    15 ||    39
Dodge: Dodged            |    80 |    22 ||   102
